AoeStats
← Rye

Arabia

510293758Analyzed
1v1 RM · 1d ago on Sep 30, 2026· 47m 20s· 2 players
Game mode
Random Map
Map size
Tiny (2 player)
Population
200
Speed
Normal
Resources
Standard
Victory
Conquest
Starting age
Dark Age
Ending age
Imperial Age
RankedLock teamsTeams togetherTeam positionsShared explorationLock speedFull tech treeHidden civsTurbo modeCheats
Victory
Defeat
🇨🇳 Inca · China
1649
+12
🇮🇹 Danes · Italy
1552
-12
Zaccanasta Commissario
6:23 Loom
9:17 Feudal Age
9:22 Man-at-Arms
10:07 Double-Bit Axe
14:52 Fletching
15:22 Horse Collar
16:11 Padded Archer Armor
21:17 Castle Age
20:22 Gold Mining
21:32 Bloodlines
22:04 Scale Barding Armor
22:09 Forging
22:25 Bow Saw
23:49 Wheelbarrow
23:27 Husbandry
26:05 Hand Cart
27:10 Light Cavalry
30:05 Stone Mining
31:05 Chain Barding Armor
34:57 Imperial Age
33:07 Scale Mail Armor
34:20 Town Watch
34:53 Chain Mail Armor
34:43 Squires
34:29 Arson
37:22 Plate Mail Armor
38:38 Iron Casting
38:25 Conscription
38:01 Gambesons
38:18 Bodkin Arrow
38:09 Hamask
39:44 Elite Jomsviking
41:07 Bodkin Arrow
42:14 Blast Furnace
44:54 Bodkin Arrow
Rye
6:02 Loom
8:43 Feudal Age
16:40 Double-Bit Axe
20:12 Castle Age
18:21 Horse Collar
18:48 Fletching
19:33 Padded Archer Armor
20:54 Bodkin Arrow
30:30 Forging
30:23 Pikeman
32:48 Iron Casting
32:18 Scale Mail Armor
36:07 Imperial Age
33:10 Champi Runner
34:18 Squires
34:34 Chain Mail Armor
35:06 Wheelbarrow
34:11 Champi Warrior
35:57 Iron Casting
37:22 Plate Mail Armor
36:21 Elite Champi Warrior
37:37 Fabric Shields
39:34 Blast Furnace
42:17 Arson
Connection lost

Rejoining the realm…

Still unreachable

The connection could not be restored.

Session expired

The server has moved on; the page needs a fresh start.